cohdb
Replays
Latest Replays
All Replays
Popular Replays
Top Player Replays
Match Explorer
How It Works
Community
CoH3 Stats
Reddit
Sign in to upload your games and track your stats! →
Sign in with Steam
Match 45155744
Unlisted
Match 45155744
Overview
Messages
Build Orders
End
Royal Engineer Section
Construct Section Command Post
Infantry Section
Infantry Section
Construct Platoon Command Post
Selects Indian Artillery Battlegroup
Selects Valour
Selects War Cry
Selects Gurkha Rifles Section
Gurkha Rifles Section
Humber Armored Car
Construct Field Infirmary
Infantry Training
Gurkha Rifles Section
Infantry Section
Grenade Package
Selects Volunteer Infantry
Construct Company Command Post
Selects Artillery Saturation
Crusader II Medium Tank
Selects Off-map Airburst Barrage
Crusader II Medium Tank
desertBeliever
no talking no bibi
0
0
Comments
sign in to comment!
No comments posted yet!